AoeStats
← 叫迈耶的空军元帅

Black Forest

509261663Analyzed
4v4 RM · 2mo ago on Sep 26, 2026· 52m 48s· 8 players
Game mode
Random Map
Map size
Large (8 player)
Population
200
Speed
Normal
Resources
Standard
Victory
Conquest
Starting age
Dark Age
Ending age
Imperial Age
RankedLock teamsTeams togetherTeam positionsShared explorationLock speedFull tech treeHidden civsTurbo modeCheats
Victory
Defeat
🇨🇳 Persians · China
1157
+16
🇻🇳 Khmer · Vietnam
1156
+16
🇺🇸 Britons · United States
1155
+16
1098
+18
vs
🇹🇼 Burgundians · Taiwan
1164
-17
🇨🇱 Burgundians · Chile
1161
-17
🇧🇷 Jurchens · Brazil
1140
-16
🇺🇸 Ethiopians · United States
1129
-16
[ATARB] ExDic Nicolas Maduro
1:40 Loom
12:09 Feudal Age
12:43 Double-Bit Axe
20:10 Castle Age
20:01 Fletching
20:12 Padded Archer Armor
21:14 Elite Skirmisher
22:50 Crossbowman
26:05 Bow Saw
36:50 Wheelbarrow
41:06 Gold Mining
41:24 Elite Skirmisher
44:30 Hand Cart
44:01 Town Watch
49:52 Imperial Age
49:32 Scale Mail Armor
49:48 Leather Archer Armor
49:29 Bodkin Arrow
49:44 Forging
50:53 Squires
50:39 Arson
52:08 Ring Archer Armor
asd40130069
6:15 Double-Bit Axe
10:38 Feudal Age
14:20 Castle Age
12:34 Bow Saw
18:17 Wheelbarrow
19:14 Horse Collar
21:26 Loom
21:58 Heavy Plow
22:17 Fishing Lines
23:45 Gillnets
25:53 Gold Mining
27:49 Gold Shaft Mining
27:06 Stone Mining
28:27 Stone Shaft Mining
28:37 Husbandry
27:58 Cavalier
29:07 Hand Cart
31:23 Imperial Age
29:11 Forging
29:06 Scale Barding Armor
30:16 Ballistics
30:33 Iron Casting
32:23 Chain Barding Armor
33:08 Blast Furnace
33:14 Chemistry
33:28 Caravan
34:04 Plate Barding Armor
33:51 Scale Mail Armor
33:14 Paladin
33:33 Pikeman
34:14 Squires
33:59 Arson
34:42 Halberdier
38:27 Chain Mail Armor
39:30 Conscription
39:12 Light Cavalry
39:34 Elite Coustillier
48:58 Hussar
49:06 Elite Skirmisher
50:22 Plate Mail Armor
49:42 Fletching
49:52 Padded Archer Armor
AcheronianoSSx
11:35 Feudal Age
12:22 Double-Bit Axe
16:07 Loom
19:40 Castle Age
17:30 Horse Collar
19:42 Wheelbarrow
19:22 Fishing Lines
20:49 Bow Saw
21:19 Gillnets
24:52 Gold Mining
26:12 Gold Shaft Mining
29:29 Imperial Age
27:34 Squires
27:20 Arson
28:00 Scale Mail Armor
33:36 Forging
33:42 Chain Mail Armor
33:54 Fortified Bastions
34:26 Medium Warships
37:52 Iron Casting
37:08 Fletching
37:19 Padded Archer Armor
38:52 Town Watch
38:32 Crossbowman
39:41 Conscription
39:41 Bodkin Arrow
41:24 Hand Cart
42:31 Hoardings
42:01 Bracer
45:07 Two-Man Saw
45:22 Blast Furnace
44:38 Leather Archer Armor
44:12 Elite Skirmisher
46:13 Stone Mining
48:55 Pikeman
Murderer Potato
0:27 Loom
10:58 Feudal Age
16:04 Castle Age
14:43 Double-Bit Axe
21:13 Horse Collar
25:47 Wheelbarrow
25:28 Bow Saw
25:22 Heavy Plow
26:39 Crop Rotation
26:53 Burgundian Vineyards
27:30 Hand Cart
28:28 Gold Mining
30:01 Husbandry
29:22 Cavalier
31:10 Forging
31:06 Scale Barding Armor
34:42 Imperial Age
35:04 Iron Casting
34:49 Chain Barding Armor
35:35 Caravan
37:03 Gold Shaft Mining
39:10 Two-Man Saw
39:05 Conscription
40:04 Chemistry
40:45 Paladin
rampage943
2:57 Loom
11:23 Feudal Age
18:24 Castle Age
18:18 Horse Collar
18:27 Double-Bit Axe
19:48 Bow Saw
19:39 Heavy Plow
20:43 Stone Mining
24:11 Wheelbarrow
24:48 Fletching
25:33 Bodkin Arrow
25:35 Fishing Lines
25:54 Gold Mining
27:18 Yeomen
26:53 Gillnets
27:22 Hand Cart
34:42 Imperial Age
40:35 Pikeman
41:36 Crossbowman
44:00 Ballistics
44:43 Arbalester
Shadow
12:14 Feudal Age
16:19 Castle Age
14:33 Fishing Lines
14:50 Double-Bit Axe
17:09 Bow Saw
17:51 Wheelbarrow
17:01 Loom
21:46 Gillnets
23:32 Hand Cart
24:28 Stone Mining
24:29 Gold Mining
26:23 Gold Shaft Mining
26:25 Stone Shaft Mining
30:44 Imperial Age
29:07 Caravan
29:28 Ballistics
29:04 Murder Holes
29:19 Masonry
30:02 Padded Archer Armor
29:52 Fletching
30:05 Scale Mail Armor
30:15 Forging
30:46 Heavy Scorpion
32:04 Double Crossbow
35:49 Chemistry
35:20 Architecture
35:24 Pikeman
35:49 Arson
37:06 Iron Casting
36:46 Chain Mail Armor
40:33 Blast Furnace
39:07 Halberdier
40:19 Elite Ballista Elephant
43:49 Tusk Swords
44:28 Leather Archer Armor
44:09 Bodkin Arrow
44:20 Scale Barding Armor
43:58 Onager
51:29 Coinage
叫迈耶的空军元帅
1:23 Loom
13:50 Feudal Age
14:52 Double-Bit Axe
17:45 Castle Age
15:58 Horse Collar
20:12 Heavy Plow
20:38 Bow Saw
25:07 Fletching
26:25 Gold Mining
26:57 Padded Archer Armor
28:14 Wheelbarrow
28:12 Bloodlines
28:03 Husbandry
35:06 Imperial Age
32:55 Scale Barding Armor
33:26 Thumb Ring
34:30 Hand Cart
34:34 Bloodlines
34:24 Husbandry
34:30 Bodkin Arrow
35:18 Gold Shaft Mining
34:57 Corvinian Army
35:12 Heated Shot
35:44 Ballistics
35:05 Treadmill Crane
35:31 Light Cavalry
36:21 Bracer
36:36 Leather Archer Armor
36:57 Conscription
37:13 Parthian Tactics
39:22 Chemistry
38:30 Siege Engineers
39:19 Ring Archer Armor
38:29 Hussar
39:10 Elite Magyar Huszar
40:46 Heavy Cavalry Archer
41:39 Caravan
42:49 Two-Man Saw
42:24 Crop Rotation
42:24 Recurve Bow
48:11 Chain Barding Armor
48:21 Ring Archer Armor
5720638
0:54 Loom
1:18 Loom
10:24 Feudal Age
10:53 Double-Bit Axe
14:51 Fishing Lines
17:40 Castle Age
18:17 Bow Saw
19:52 Fervor
19:51 Gillnets
23:11 Wheelbarrow
30:26 Imperial Age
28:12 Hand Cart
27:42 Town Watch
31:55 Chemistry
31:16 Ballistics
30:51 Murder Holes
31:07 Masonry
30:43 Heavy Camel Rider
31:24 Husbandry
31:35 Bloodlines
31:40 Scale Barding Armor
31:46 Forging
32:47 Bloodlines
32:58 Herbal Medicine
33:39 Iron Casting
32:57 Gold Mining
33:07 Stone Mining
34:20 Chain Barding Armor
33:51 Fletching
34:03 Padded Archer Armor
35:19 Citadels
35:29 Conscription
35:10 Kamandaran
36:51 Town Patrol
37:41 Crossbowman
38:27 Thumb Ring
37:43 Elite Skirmisher
39:31 Cavalier
41:49 Bodkin Arrow
42:10 Leather Archer Armor
42:31 Plate Barding Armor
42:57 Blast Furnace
41:59 Capped Ram
42:00 Onager
44:02 Ring Archer Armor
43:15 Savar
45:48 Scale Mail Armor
45:31 Siege Ram
46:04 Light Cavalry
47:19 Hussar
51:23 Coinage
50:53 Caravan
51:04 Guilds
51:12 Chain Mail Armor
Connection lost

Rejoining the realm…

Still unreachable

The connection could not be restored.

Session expired

The server has moved on; the page needs a fresh start.